 Dungeon Crawl Stone Soup version 0.27.0-1-g7a089689b8 (webtiles) character file.

Game seed: 3949570512358407802

736 mhtbhm the Cleaver (level 7, -9/93 HPs)
             Began as a Minotaur Berserker on Aug 3, 2021.
             Was an Elder of Trog.
             Mangled by an ogre (27 damage)
             ... on level 5 of the Dungeon.
             The game lasted 00:06:02 (4774 turns).

mhtbhm the Cleaver (Minotaur Berserker)             Turns: 4774, Time: 00:06:02

Health: -9/93      AC:  8    Str: 24    XL:     7   Next: 46%
Magic:  6/6        EV: 11    Int:  4    God:    Trog [****..]
Gold:   180        SH:  0    Dex:  9    Spells: 6/6 levels left

rFire    . . .     SeeInvis .   a - +0 executioner's axe
rCold    . . .     Faith    .   (shield currently unavailable)
rNeg     + . .     Spirit   .   b - +0 scale mail
rPois    .         Reflect  .   (helmet restricted)
rElec    .         Harm     .   (no cloak)
rCorr    .         Rampage  .   (no gloves)
Will     .....                  c - +0 pair of boots
Stlth    ..........             (no amulet)
HPRegen  0.25/turn              h - ring of positive energy
MPRegen  0.10/turn              (no ring)

@: berserking, very quick
A: horns 2, retaliatory headbutt
a: Renounce Religion, Berserk, Trog's Hand, Brothers in Arms


You were on level 5 of the Dungeon.
You worshipped Trog.
Trog was greatly pleased with you.
You visited 1 branch of the dungeon, and saw 5 of its levels.
You also visited: Ossuary.

You collected 180 gold pieces.

Inventory:

Hand Weapons
 a - a +0 executioner's axe (weapon)
Missiles
 f - 5 curare-tipped darts (quivered)
Armour
 b - a +0 scale mail (worn)
 c - a +0 pair of boots (worn)
Jewellery
 h - a ring of positive energy (left hand)
Scrolls
 l - a scroll of immolation
 n - a scroll of summoning
 p - a scroll of brand weapon {unknown}
 q - a scroll of fog {unknown}
Potions
 d - 2 potions of haste {unknown}
 g - 3 potions of curing {unknown}
 i - a potion of brilliance {unknown}
 k - a potion of ambrosia {unknown}
 m - 2 potions of degeneration {unknown}
 o - a potion of magic {unknown}
 r - a potion of might {unknown}


   Skills:
 + Level 5.7 Fighting
 + Level 8.3 Axes
 + Level 4.1 Armour
 + Level 3.6 Dodging
 - Level 0.4 Stealth


You had 6 spell levels left.
You didn't know any spells.
Your spell library was empty.

Dungeon Overview and Level Annotations

Branches:
Dungeon (5/15)            Ossuary (visited)
 Temple: D:4-7

Altars:
Cheibriados
Dithmenos
Elyvilon


Innate Abilities, Weirdness & Mutations

You have a pair of horns on your head.
You reflexively headbutt those who attack you in melee.


Message History

There is a stone staircase leading up here.
An orc wizard comes into view.
It is wielding a +2 dagger of electrocution.
The orc wizard shouts!
You hear a shout!
An orc priest comes into view. It is wielding a +0 hand axe.
You hear a shout!
There are monsters nearby!
There are monsters nearby!
The orc wizard mumbles some strange words.
The orc wizard flickers and vanishes!
Deactivating autopickup; reactivate with Ctrl-A.
The orc priest mumbles some strange prayers to Beogh against you.
Beogh smites you! The orc priest barely misses you.
An ogre comes into view. It is wielding a +0 giant club.
You slice the orc priest!!
You kill the orc priest!
Trog accepts your kill.
An orc comes into view. It is wielding a +0 hand axe.
You miss something. You headbutt something. Something hits you.
Something hits you but does no damage.
You are electrocuted!
You miss something. You headbutt something. Something hits you.
You are electrocuted!
Unknown command.
A red film seems to cover your vision as you go berserk!
You feel yourself moving faster!
You feel mighty! Something hits you but does no damage.
You are electrocuted!
* * * LOW HITPOINT WARNING * * *
You closely miss something. Something hits you but does no damage.
You closely miss something. You headbutt something! Trog accepts your kill.
Trog appreciates your killing of a magic user.
Reactivating autopickup.
You feel a bit more experienced.
You completely miss the orc. You headbutt the orc!
You kill the orc!
Trog accepts your kill.
You barely miss the ogre. You headbutt the ogre!
The ogre is moderately wounded.
The ogre hits you with a +0 giant club!!
You die...

#... #..# . #..# ..
#..#### ... #.....
.... #...# .....
#...#########
......####..........<#
......O@....##########
......#####.......
..... ######## ####


You could see an ogre.

Vanquished Creatures
  Menkaure (Ossuary)
  A black bear (D:4)
  A necrophage (D:4)
  An orc priest (D:5)
  A bullfrog skeleton (D:4)
  Natasha (thrice) (D:3)
  2 iguanas (D:4)
  An orc wizard (D:5)
  3 mummies (Ossuary)
  5 adders
  A gnoll (D:2)
  2 adder skeletons (D:4)
  5 dart slugs
  2 orcs
  2 bats
  10 endoplasms
  2 giant cockroaches (D:1)
  3 gnoll zombies (Ossuary)
  5 goblins
  14 hobgoblins
  8 jackals
  2 quokkas (D:4)
  8 ball pythons
  2 frilled lizards
  4 gnoll skeletons (Ossuary)
  2 goblin skeletons (Ossuary)
  5 goblin zombies (Ossuary)
  8 hobgoblin skeletons (Ossuary)
  3 hobgoblin zombies (Ossuary)
  11 kobolds
  5 kobold skeletons (Ossuary)
  3 kobold zombies (Ossuary)
  3 orc skeletons (Ossuary)
  8 orc zombies (Ossuary)
  3 rats
  3 rat skeletons (Ossuary)
  3 rat zombies (Ossuary)
146 creatures vanquished.

Notes
Turn   | Place    | Note
-------+----------+-------------------------------------------
     0 | D:1      | mhtbhm the Minotaur Berserker began the quest for the Orb.
     0 | D:1      | Reached XP level 1. HP: 19/19 MP: 0/0
    36 | D:1      | Reached XP level 2. HP: 27/27 MP: 1/1
    76 | D:1      | Reached skill level 4 in Axes
   650 | D:1      | Reached XP level 3. HP: 33/33 MP: 2/2
   993 | D:1      | Reached ** piety under Trog
  1478 | D:2      | Reached XP level 4. HP: 28/41 MP: 3/3
  2208 | D:2      | Reached skill level 5 in Axes
  2384 | D:3      | Noticed Natasha
  2385 | D:3      | Killed Natasha
  2438 | D:3      | Found a shadowy altar of Dithmenos.
  2441 | D:3      | Found a white marble altar of Elyvilon.
  2445 | D:3      | Found a snail-covered altar of Cheibriados.
  2486 | D:3      | Noticed Natasha
  2492 | D:3      | Killed Natasha
  2493 | D:3      | Reached XP level 5. HP: 44/47 MP: 4/4
  2709 | D:3      | Found a faded altar of an unknown god.
  2713 | D:3      | Noticed Natasha
  2725 | D:3      | Killed Natasha
  3097 | D:3      | Reached skill level 5 in Fighting
  3341 | D:4      | Reached *** piety under Trog
  3387 | D:4      | Noticed a black bear
  3393 | D:4      | Killed a black bear
  3394 | D:4      | Reached skill level 6 in Axes
  3394 | D:4      | Reached XP level 6. HP: 49/56 MP: 5/5
  3551 | D:4      | Found a sand-covered staircase.
  3588 | Ossuary  | Entered an ossuary
  3770 | Ossuary  | Reached **** piety under Trog
  3907 | Ossuary  | Noticed Menkaure
  3910 | Ossuary  | Killed Menkaure
  3911 | Ossuary  | Reached skill level 7 in Axes
  3911 | Ossuary  | Reached XP level 7. HP: 36/61 MP: 6/6
  4522 | D:4      | Reached skill level 8 in Axes
  4753 | D:5      | Entered Level 5 of the Dungeon
  4774 | D:5      | Mangled by an ogre

Illustrated notes

Levels and vault maps discovered:
D:1:      denvon_arrival_waterhouse, layout_basic
D:2:      layout_loops_corners, minmay_box_of_dots
D:3:      layout_loops_ring, grunt_temple_overflow_diamond,
          shapermc_ecumenical_altar_mp_vishouse, uniq_natasha
D:4:      layout_basic, enter_ossuary_1, minmay_pentangle
D:5:      layout_basic, grunt_qazlal_sundering, minmay_temple_entry_offerings,
          hangedman_decor_slide_cut

Skill      XL: |  1  2  3  4  5  6  7 |
---------------+----------------------+-----
Axes           | 4 5 6 7 8 |  8.3
Fighting       | 4 5 |  5.7
Dodging        | 3 |  3.6
Armour         | 3 4 |  4.1
Stealth        | |  0.4

Action                   |  1- 3 |  4- 6 |  7- 9 || total
-------------------------+-------+-------+-------++-------
Melee: Hand axe          |    75 |    34 |       ||   109
       Headbutt          |     9 |    27 |     9 ||    45
       Executioner's axe |       |   123 |    34 ||   157
Invok: Berserk           |       |     2 |     1 ||     3
  Use: Scroll            |       |     2 |     3 ||     5
 Stab: Distracted        |       |     1 |       ||     1
Armor: Animal skin       |    15 |     4 |       ||    19
       Scale mail        |       |    57 |    19 ||    76
Dodge: Dodged            |    53 |    93 |    14 ||   160
